[Event "23rd ETCC Open 2021"]
[Site "Catez"]
[Date "2021.11.13"]
[Round "2.74"]
[White "Bremner, Adam"]
[Black "Draskovic, Luka"]
[Result "0-1"]
[ECO "D02"]
[WhiteElo "2204"]
[BlackElo "2469"]
[Annotator "ChessBase"]
[PlyCount "114"]
[EventDate "2021.11.08"]
[EventType "team-tourn"]
[EventCountry "SLO"]
[SourceTitle "playchess.com"]
[Source "ChessBase"]
[SourceQuality "1"]
[WhiteTeam "Scotland"]
[BlackTeam "Montenegro"]
[WhiteTeamCountry "SCO"]
[BlackTeamCountry "MNE"]
[TimeControl "40/5400+30:1800+30"]

1. d4 Nf6 2. g3 d5 3. Nf3 Bf5 4. Bg2 e6 5. O-O Be7 6. c4 O-O 7. Qb3 Nc6 8. Qxb7
Na5 9. Qa6 Nxc4 10. b3 Nb6 11. Ne5 Bd6 12. Ba3 Qc8 13. Qxc8 Rfxc8 14. Nc6 Kf8
15. Bb2 Nbd7 16. Na3 Nb8 17. Rfc1 Nxc6 18. Rxc6 Rcb8 19. Ra6 Bb4 20. Rc6 Bd6
21. Ra6 Ke8 22. Bf1 Kd7 23. Rc1 Rb6 24. e3 c6 25. Nb1 Ne8 26. Rxb6 axb6 27. a4
Nc7 28. Nc3 Na6 29. Na2 Nb4 30. Nxb4 Bxb4 31. Bc3 Bxc3 32. Rxc3 Kd6 33. Bd3
Bxd3 34. Rxd3 f6 35. Rd2 e5 36. Kg2 c5 37. dxc5+ bxc5 38. e4 d4 39. Ra2 Kc6 40.
Kf3 Kb6 41. Rc2 Rd8 42. Rc1 Rb8 43. Ke2 Kc6 44. Rb1 Rb4 45. Kd2 c4 46. Rc1 Kc5
47. bxc4 Rxa4 48. Rc2 Ra3 49. Rb2 Kxc4 50. Rc2+ Rc3 51. Rb2 d3 52. Rb7 Rc2+ 53.
Ke1 Re2+ 54. Kd1 Rxf2 55. Rxg7 Kd4 56. Rxh7 Ke3 57. Ke1 d2+ 0-1

[Event "23rd ETCC Open 2021"]
[Site "Catez"]
[Date "2021.11.13"]
[Round "2.75"]
[White "Blagojevic, Dragisa"]
[Black "Morrison, Graham"]
[Result "1-0"]
[ECO "E25"]
[WhiteElo "2467"]
[BlackElo "2251"]
[Annotator "ChessBase"]
[PlyCount "101"]
[EventDate "2021.11.08"]
[EventType "team-tourn"]
[EventCountry "SLO"]
[SourceTitle "playchess.com"]
[Source "ChessBase"]
[SourceQuality "1"]
[WhiteTeam "Montenegro"]
[BlackTeam "Scotland"]
[WhiteTeamCountry "MNE"]
[BlackTeamCountry "SCO"]
[TimeControl "40/5400+30:1800+30"]

1. d4 Nf6 2. c4 e6 3. Nc3 Bb4 4. f3 d5 5. a3 Bxc3+ 6. bxc3 c5 7. cxd5 Nxd5 8.
dxc5 Qa5 9. e4 Ne7 10. Be3 O-O 11. Qb3 Nec6 12. Bb5 e5 13. Ne2 Be6 14. Bc4 Bxc4
15. Qxc4 Qa6 16. Qxa6 Nxa6 17. O-O Na5 18. Rfb1 Nb8 19. Nc1 Rd8 20. Na2 Nbc6
21. Nb4 Nc4 22. Bf2 N6a5 23. Nd5 Rd7 24. Ra2 f6 25. Kf1 Kf7 26. Ke2 Rad8 27.
Rb4 Ke6 28. a4 f5 29. Kd3 Rxd5+ 30. exd5+ Kxd5 31. Ke2 Kc6 32. Rb1 Rd7 33. Rb5
Rd5 34. h3 Rd7 35. Rb1 g6 36. g4 f4 37. g5 Rd8 38. h4 Re8 39. Rd1 Nb3 40. Kd3
Nba5 41. Kc2 e4 42. fxe4 Rxe4 43. Kd3 Re7 44. Re2 Ne5+ 45. Kc2 Nac4 46. Re4 Rf7
47. Rdd4 f3 48. Rxc4 Nxc4 49. Rxc4 Re7 50. Kd3 Re2 51. Be3 1-0

[Event "23rd ETCC Open 2021"]
[Site "Catez"]
[Date "2021.11.13"]
[Round "2.76"]
[White "Gordon, Frederick"]
[Black "Nikcevic, Nebojsa"]
[Result "1/2-1/2"]
[ECO "B06"]
[WhiteElo "1739"]
[BlackElo "2385"]
[Annotator "NA"]
[PlyCount "62"]
[EventDate "2021.11.08"]
[EventType "team-tourn"]
[EventCountry "SLO"]
[SourceTitle "playchess.com"]
[Source "ChessBase"]
[SourceQuality "1"]
[WhiteTeam "Scotland"]
[BlackTeam "Montenegro"]
[WhiteTeamCountry "SCO"]
[BlackTeamCountry "MNE"]
[TimeControl "40/5400+30:1800+30"]

1. e4 c5 2. Nf3 g6 3. c3 d5 4. exd5 Qxd5 5. d4 Bg7 6. Na3 cxd4 7. Nb5 Na6 8.
Nbxd4 Nf6 9. Bb5+ Bd7 10. Bxa6 bxa6 11. O-O O-O 12. Re1 e6 13. h3 Rac8 14. Bf4
Qb7 15. Qb3 Qb6 16. Ne5 Rfd8 17. Rad1 Be8 18. Nc4 Qc5 19. Nd6 Rxd6 20. Bxd6
Qxd6 21. Nxe6 Qb8 22. Nxg7 Kxg7 23. Re7 a5 24. Qxb8 Rxb8 25. Rxa7 Rxb2 26. Rxa5
Ne4 27. Re1 Bc6 28. f3 Nxc3 29. Rc5 Ne2+ 30. Rxe2 Rxe2 31. Rxc6 Rxa2 1/2-1/2

[Event "23rd ETCC Open 2021"]
[Site "Catez"]
[Date "2021.11.14"]
[Round "3.8"]
[White "Bluebaum, Matthias"]
[Black "Abasov, Nijat"]
[Result "1/2-1/2"]
[ECO "E03"]
[WhiteElo "2647"]
[BlackElo "2634"]
[Annotator "ChessBase"]
[PlyCount "193"]
[EventDate "2021.11.08"]
[EventType "team-tourn"]
[EventCountry "SLO"]
[SourceTitle "playchess.com"]
[Source "ChessBase"]
[SourceQuality "1"]
[WhiteTeam "Germany"]
[BlackTeam "Azerbaijan"]
[WhiteTeamCountry "GER"]
[BlackTeamCountry "AZE"]
[TimeControl "40/5400+30:1800+30"]

1. d4 Nf6 2. c4 e6 3. g3 d5 4. Bg2 dxc4 5. Qa4+ Nbd7 6. Qxc4 a6 7. Be3 Bd6 8.
Nh3 O-O 9. Qc2 Rb8 10. Nc3 c5 11. Ng5 cxd4 12. Bxd4 b6 13. O-O Qc7 14. Rfd1 h6
15. Nge4 Nxe4 16. Bxe4 Rd8 17. Rac1 e5 18. Be3 Nf6 19. Bg2 Qe7 20. Nd5 Nxd5 21.
Bxd5 Bc5 22. Bxc5 bxc5 23. b3 Be6 24. Bxe6 Qxe6 25. Qxc5 Rxd1+ 26. Rxd1 Rc8 27.
Qd6 Rc2 28. Qxe6 fxe6 29. a4 Rxe2 30. Rd6 Rb2 31. Rb6 Kf7 32. f3 a5 33. Rb5 Kf6
34. h4 h5 35. Kf1 g6 36. Ke1 Ke7 37. Rxe5 Rxb3 38. Kf2 Rb2+ 39. Ke3 Rb3+ 40.
Kf4 Kf6 41. Rxa5 Rb4+ 42. Ke3 Rb3+ 43. Ke2 Rb2+ 44. Ke1 Rb1+ 45. Kd2 Rg1 46.
Ra8 Rxg3 47. a5 Kg7 48. Ke3 Rg1 49. a6 Ra1 50. f4 Ra4 51. Kf3 Kh7 52. Ra7+ Kh6
53. Ke3 Ra1 54. Kd4 Ra4+ 55. Ke5 Ra5+ 56. Kxe6 Ra4 57. Ke5 Ra5+ 58. Kd6 Ra4 59.
Ke5 Ra5+ 60. Kd6 Ra4 61. Ra8 Kg7 62. Kc5 Ra1 63. Ra7+ Kh6 64. Kb6 Rb1+ 65. Kc7
Rc1+ 66. Kd6 Ra1 67. Ke7 Ra4 68. Ra8 Kg7 69. a7 Ra1 70. Kd6 Rd1+ 71. Ke5 Re1+
72. Kd4 Rd1+ 73. Kc3 Ra1 74. Kb2 Ra6 75. Kb3 Ra1 76. Kc3 Ra6 77. Kd4 Ra1 78. f5
gxf5 79. Ke5 Ra4 80. Kxf5 Ra5+ 81. Ke6 Ra1 82. Kd7 Rd1+ 83. Kc6 Rc1+ 84. Kd5
Rd1+ 85. Ke6 Ra1 86. Re8 Rxa7 87. Re7+ Rxe7+ 88. Kxe7 Kg8 89. Kf6 Kh8 90. Kg6
Kg8 91. Kh6 Kh8 92. Kxh5 Kh7 93. Kg5 Kg7 94. h5 Kh7 95. h6 Kg8 96. Kg6 Kh8 97.
h7 1/2-1/2

[Event "23rd ETCC Open 2021"]
[Site "Catez"]
[Date "2021.11.14"]
[Round "3.16"]
[White "Gavrilescu, David"]
[Black "Teclaf, Pawel"]
[Result "1/2-1/2"]
[ECO "C43"]
[WhiteElo "2514"]
[BlackElo "2543"]
[Annotator "ChessBase"]
[PlyCount "60"]
[EventDate "2021.11.08"]
[EventType "team-tourn"]
[EventCountry "SLO"]
[SourceTitle "playchess.com"]
[Source "ChessBase"]
[SourceQuality "1"]
[WhiteTeam "Romania"]
[BlackTeam "Poland"]
[WhiteTeamCountry "ROU"]
[BlackTeamCountry "POL"]
[TimeControl "40/5400+30:1800+30"]

1. e4 e5 2. Nf3 Nf6 3. d4 Nxe4 4. Bd3 Nc6 5. Nxe5 Nxe5 6. dxe5 Nc5 7. Bc4 c6 8.
O-O d5 9. exd6 Be6 10. Bxe6 Nxe6 11. Qh5 Bxd6 12. Rd1 O-O 13. Nc3 Qc7 14. Ne4
Be5 15. c3 Rad8 16. Be3 Bf4 17. Bxf4 Qxf4 18. Qe2 Qe5 19. Qf3 Ng5 20. Nxg5 Qxg5
21. Rxd8 Rxd8 22. Rd1 g6 23. g3 Rd2 24. Rxd2 Qxd2 25. Qe4 Qxb2 26. Qe8+ Kg7 27.
Qe5+ Kg8 28. Qe8+ Kg7 29. Qe5+ Kg8 30. Qe8+ Kg7 1/2-1/2

[Event "23rd ETCC Open 2021"]
[Site "Catez"]
[Date "2021.11.14"]
[Round "3.26"]
[White "Brkic, Ante"]
[Black "Van Foreest, Lucas"]
[Result "1/2-1/2"]
[ECO "C65"]
[WhiteElo "2599"]
[BlackElo "2532"]
[Annotator "RC"]
[PlyCount "95"]
[EventDate "2021.11.08"]
[EventType "team-tourn"]
[EventCountry "SLO"]
[SourceTitle "playchess.com"]
[Source "ChessBase"]
[SourceQuality "1"]
[WhiteTeam "Croatia"]
[BlackTeam "Netherlands"]
[WhiteTeamCountry "CRO"]
[BlackTeamCountry "NED"]
[TimeControl "40/5400+30:1800+30"]

1. e4 e5 2. Nf3 Nc6 3. Bb5 Nf6 4. d3 Bc5 5. c3 O-O 6. O-O d5 7. exd5 Qxd5 8.
Bc4 Qd8 9. Nbd2 a6 10. a4 h6 11. Re1 Re8 12. b4 Bd6 13. Ne4 Be6 14. Qb3 Bxc4
15. Qxc4 Be7 16. Nxf6+ Bxf6 17. Nd2 Qd7 18. Nb3 Be7 19. Be3 Bd6 20. Bc5 Ne7 21.
a5 Rad8 22. Rad1 Nc6 23. h3 Qe6 24. Qxe6 Rxe6 25. Kf1 Kf8 26. d4 exd4 27. Rxe6
fxe6 28. Nxd4 Nxd4 29. Bxd4 Kf7 30. Ke2 Be7 31. Rd3 Rd5 32. f4 Bd6 33. c4 Rf5
34. Bc3 Ke8 35. g3 Be7 36. c5 Bf6 37. Bxf6 gxf6 38. Ke3 Rd5 39. g4 c6 40. h4
Kf7 41. h5 Rxd3+ 42. Kxd3 f5 43. g5 hxg5 44. fxg5 e5 45. Ke3 Kg7 46. Kf3 Kh7
47. Ke3 Kg7 48. Kf3 1/2-1/2

[Event "23rd ETCC Open 2021"]
[Site "Catez"]
[Date "2021.11.14"]
[Round "3.31"]
[White "Krejci, Jan"]
[Black "Blagojevic, Dragisa"]
[Result "0-1"]
[ECO "C64"]
[WhiteElo "2565"]
[BlackElo "2467"]
[Annotator "ChessBase"]
[PlyCount "78"]
[EventDate "2021.11.08"]
[EventType "team-tourn"]
[EventCountry "SLO"]
[SourceTitle "playchess.com"]
[Source "ChessBase"]
[SourceQuality "1"]
[WhiteTeam "Czech Republic"]
[BlackTeam "Montenegro"]
[WhiteTeamCountry "CZE"]
[BlackTeamCountry "MNE"]
[TimeControl "40/5400+30:1800+30"]

1. e4 e5 2. Nf3 Nc6 3. Bb5 a6 4. Ba4 Bc5 5. O-O Nge7 6. c3 Ba7 7. d4 Ng6 8. Bg5
f6 9. Be3 O-O 10. Nbd2 d6 11. Re1 Kh8 12. h3 exd4 13. cxd4 Nce7 14. d5 Bxe3 15.
Rxe3 f5 16. Rc1 Nf4 17. Bb3 Bd7 18. Nf1 fxe4 19. Rxe4 c6 20. dxc6 Bxc6 21. Rxf4
Rxf4 22. Ng5 Ng6 23. Nf7+ Rxf7 24. Bxf7 Nf4 25. Rc4 Qf6 26. Qg4 Nxg2 27. Qe6
Qf3 28. Nd2 Qd1+ 29. Nf1 Ne1 30. f4 Nf3+ 31. Kf2 Nd2 32. Nxd2 Qxd2+ 33. Kg3
Qg2+ 34. Kh4 Qxb2 35. f5 Qf2+ 36. Kg5 Qg3+ 37. Rg4 Qxh3 38. Bh5 h6+ 39. Kf4
Qf3# 0-1

[Event "23rd ETCC Open 2021"]
[Site "Catez"]
[Date "2021.11.14"]
[Round "3.38"]
[White "Dastan, Muhammed Batuhan"]
[Black "Banikas, Hristos"]
[Result "1/2-1/2"]
[ECO "B90"]
[WhiteElo "2572"]
[BlackElo "2592"]
[Annotator "ChessBase"]
[PlyCount "66"]
[EventDate "2021.11.08"]
[EventType "team-tourn"]
[EventCountry "SLO"]
[SourceTitle "playchess.com"]
[Source "ChessBase"]
[SourceQuality "1"]
[WhiteTeam "Turkey"]
[BlackTeam "Greece"]
[WhiteTeamCountry "TUR"]
[BlackTeamCountry "GRE"]
[TimeControl "40/5400+30:1800+30"]

1. e4 c5 2. Nf3 d6 3. d4 cxd4 4. Nxd4 Nf6 5. Nc3 a6 6. Rg1 e5 7. Nb3 Be6 8. g4
d5 9. exd5 Nxd5 10. Bg5 f6 11. Nxd5 Qxd5 12. Qxd5 Bxd5 13. Be3 Nc6 14. O-O-O
O-O-O 15. Bb6 Rd6 16. Rg3 Be6 17. Nc5 Rxd1+ 18. Kxd1 Bxc5 19. Bxc5 Rd8+ 20. Kc1
h6 21. h3 Kd7 22. Bb6 Rc8 23. Rd3+ Ke8 24. Rc3 Nb4 25. Rxc8+ Bxc8 26. Bc4 h5
27. gxh5 Bxh3 28. f3 Nc6 29. Bd5 Kd7 30. Bc5 Be6 31. Be4 f5 32. Bxc6+ Kxc6 33.
Bf8 Bf7 1/2-1/2

[Event "23rd ETCC Open 2021"]
[Site "Catez"]
[Date "2021.11.14"]
[Round "3.39"]
[White "Pavlidis, Antonios"]
[Black "Can, Emre"]
[Result "1/2-1/2"]
[ECO "C41"]
[WhiteElo "2536"]
[BlackElo "2570"]
[Annotator "ChessBase"]
[PlyCount "74"]
[EventDate "2021.11.08"]
[EventType "team-tourn"]
[EventCountry "SLO"]
[SourceTitle "playchess.com"]
[Source "ChessBase"]
[SourceQuality "1"]
[WhiteTeam "Greece"]
[BlackTeam "Turkey"]
[WhiteTeamCountry "GRE"]
[BlackTeamCountry "TUR"]
[TimeControl "40/5400+30:1800+30"]

1. e4 d6 2. d4 Nf6 3. Nc3 e5 4. Nf3 Nbd7 5. Rg1 h5 6. Bc4 Be7 7. a4 c6 8. Qe2
O-O 9. dxe5 dxe5 10. Bd2 Qc7 11. Ng5 Nc5 12. h3 Bd7 13. g4 h4 14. Nxf7 Rxf7 15.
g5 Be6 16. gxf6 Bxf6 17. Be3 Bxc4 18. Qxc4 Nd7 19. O-O-O Nf8 20. Rg4 Qc8 21. a5
Qe6 22. Qxe6 Nxe6 23. Na4 Be7 24. Rd7 Bb4 25. Rxf7 Kxf7 26. Rxh4 Bxa5 27. Nc5
Bd8 28. Rg4 Nxc5 29. Bxc5 Bf6 30. Rg3 b6 31. Be3 Rh8 32. Kd2 Ke6 33. Bg5 a5 34.
Bxf6 gxf6 35. Rc3 Kd6 36. Rf3 Ke6 37. Rc3 Kd6 1/2-1/2

[Event "23rd ETCC Open 2021"]
[Site "Catez"]
[Date "2021.11.14"]
[Round "3.40"]
[White "Sanal, Vahap"]
[Black "Kourkoulos-Arditis, Stamatis"]
[Result "1-0"]
[ECO "C77"]
[WhiteElo "2590"]
[BlackElo "2524"]
[Annotator "ChessBase"]
[PlyCount "81"]
[EventDate "2021.11.08"]
[EventType "team-tourn"]
[EventCountry "SLO"]
[SourceTitle "playchess.com"]
[Source "ChessBase"]
[SourceQuality "1"]
[WhiteTeam "Turkey"]
[BlackTeam "Greece"]
[WhiteTeamCountry "TUR"]
[BlackTeamCountry "GRE"]
[TimeControl "40/5400+30:1800+30"]

1. e4 e5 2. Nf3 Nc6 3. Bb5 a6 4. Ba4 Nf6 5. d3 b5 6. Bb3 Bc5 7. Bg5 h6 8. Bh4
g5 9. Bg3 d6 10. a4 Bg4 11. c3 Rb8 12. axb5 axb5 13. h3 Bh5 14. Nbd2 O-O 15. h4
Bg4 16. hxg5 hxg5 17. Qc2 Nh5 18. d4 Bb6 19. Bh4 gxh4 20. Rxh4 Nf6 21. Qc1 Re8
22. Nf1 Kf8 23. Qh6+ Ke7 24. Qg7 Be6 25. Bxe6 Kxe6 26. d5+ Kd7 27. Rh6 Ne7 28.
Rxf6 Kc8 29. Rxf7 Kb7 30. Qg5 b4 31. N1d2 Ra8 32. Rxa8 Qxa8 33. Rxe7 Rh8 34.
Nh4 Qa6 35. Rf7 Qd3 36. Rf3 Qc2 37. cxb4 Qxb2 38. Ke2 Qc1 39. Rb3 Bxf2 40. Kxf2
Rxh4 41. Rb1 1-0

[Event "23rd ETCC Open 2021"]
[Site "Catez"]
[Date "2021.11.14"]
[Round "3.41"]
[White "Andersen, Mads"]
[Black "Pechac, Jergus"]
[Result "0-1"]
[ECO "A06"]
[WhiteElo "2575"]
[BlackElo "2562"]
[Annotator "ChessBase"]
[PlyCount "72"]
[EventDate "2021.11.08"]
[EventType "team-tourn"]
[EventCountry "SLO"]
[SourceTitle "playchess.com"]
[Source "ChessBase"]
[SourceQuality "1"]
[WhiteTeam "Denmark"]
[BlackTeam "Slovakia"]
[WhiteTeamCountry "DEN"]
[BlackTeamCountry "SVK"]
[TimeControl "40/5400+30:1800+30"]

1. Nf3 d5 2. e3 c5 3. b3 Nc6 4. Bb2 e6 5. Bb5 Nge7 6. c4 a6 7. cxd5 exd5 8. Bd3
Nb4 9. Bc2 Bg4 10. a3 Nxc2+ 11. Qxc2 Rc8 12. Qd1 Qb6 13. Nc3 d4 14. Ne4 Nc6 15.
exd4 Nxd4 16. Bxd4 cxd4 17. O-O Be7 18. Re1 O-O 19. b4 h6 20. Qb3 a5 21. Rab1
axb4 22. axb4 Be6 23. Qb2 Rfd8 24. Nc5 Bf5 25. Rxe7 Bxb1 26. Rxb7 Qg6 27. Ne5
Re8 28. Qxd4 Rxe5 29. Qxe5 Be4 30. f3 Bxf3 31. g3 Qb1+ 32. Kf2 Bxb7 33. Nxb7
Qxb4 34. Qd5 Qb6+ 35. Kf3 Rc6 36. Nd8 Rf6+ 0-1

[Event "23rd ETCC Open 2021"]
[Site "Catez"]
[Date "2021.11.14"]
[Round "3.43"]
[White "Bjerre, Jonas Buhl"]
[Black "Petenyi, Tamas"]
[Result "1-0"]
[ECO "B06"]
[WhiteElo "2569"]
[BlackElo "2458"]
[Annotator "ChessBase"]
[PlyCount "99"]
[EventDate "2021.11.08"]
[EventType "team-tourn"]
[EventCountry "SLO"]
[SourceTitle "playchess.com"]
[Source "ChessBase"]
[SourceQuality "1"]
[WhiteTeam "Denmark"]
[BlackTeam "Slovakia"]
[WhiteTeamCountry "DEN"]
[BlackTeamCountry "SVK"]
[TimeControl "40/5400+30:1800+30"]

1. e4 Nc6 2. Nf3 d6 3. d4 Nf6 4. Nc3 g6 5. Be3 Bg7 6. Qd2 Bg4 7. h4 Bxf3 8.
gxf3 e5 9. dxe5 dxe5 10. O-O-O Qxd2+ 11. Rxd2 a6 12. Bc4 Nd4 13. f4 Ng4 14. Nd5
O-O-O 15. c3 Nxe3 16. fxe3 Ne6 17. h5 exf4 18. exf4 Bh6 19. hxg6 hxg6 20. Rdh2
Bg7 21. f5 Rxh2 22. Rxh2 gxf5 23. exf5 Ng5 24. f6 Bf8 25. Rh5 c6 26. Ne3 Bd6
27. Rxg5 Bf4 28. Rg7 Bxe3+ 29. Kc2 Rd6 30. Rxf7 Bh6 31. Bd3 Kb8 32. Bf5 c5 33.
Be4 c4 34. a4 Re6 35. Rxb7+ Kc8 36. Bf5 Kxb7 37. Bxe6 Kb6 38. Bxc4 a5 39. Kd3
Kc5 40. f7 Bf8 41. Ba2 Bg7 42. Bb3 Bf8 43. Ke4 Kd6 44. Kf5 Bg7 45. Kg6 Bf8 46.
Kh7 Ke7 47. Kg8 Bh6 48. Bc4 Bf8 49. b4 axb4 50. cxb4 1-0

[Event "23rd ETCC Open 2021"]
[Site "Catez"]
[Date "2021.11.14"]
[Round "3.44"]
[White "Sahidi, Samir"]
[Black "Hansen, Sune Berg"]
[Result "1-0"]
[ECO "C78"]
[WhiteElo "2432"]
[BlackElo "2543"]
[Annotator "ChessBase"]
[PlyCount "103"]
[EventDate "2021.11.08"]
[EventType "team-tourn"]
[EventCountry "SLO"]
[SourceTitle "playchess.com"]
[Source "ChessBase"]
[SourceQuality "1"]
[WhiteTeam "Slovakia"]
[BlackTeam "Denmark"]
[WhiteTeamCountry "SVK"]
[BlackTeamCountry "DEN"]
[TimeControl "40/5400+30:1800+30"]

1. e4 e5 2. Nf3 Nc6 3. Bb5 a6 4. Ba4 Nf6 5. d3 b5 6. Bb3 Bc5 7. O-O d6 8. c3 h6
9. Re1 O-O 10. Nbd2 Bb6 11. Nf1 Ne7 12. h3 Ng6 13. Ng3 Re8 14. a4 Rb8 15. a5
Ba7 16. d4 c5 17. Be3 Qc7 18. Bc2 Bd7 19. Qd2 Kh7 20. b4 cxd4 21. cxd4 Qb7 22.
Nf5 Bxf5 23. exf5 Ne7 24. dxe5 Bxe3 25. Rxe3 dxe5 26. Nxe5 Rbd8 27. Nd3 Kg8 28.
Rae1 Qc7 29. Qc1 Nxf5 30. Rxe8+ Nxe8 31. Nc5 Nd4 32. Bd3 Qc6 33. Be4 Qf6 34.
Qe3 Nd6 35. Bd3 g6 36. Qxh6 Nc6 37. Nxa6 Qc3 38. Qc1 Qxd3 39. Qxc6 Rc8 40. Qb6
Nf5 41. Qb7 Rd8 42. Qe4 Qc3 43. Nc5 Nd6 44. Qb1 Nc4 45. Ne4 Qd4 46. Qa1 Nb2 47.
Rb1 Na4 48. Qxd4 Rxd4 49. Nc5 Nc3 50. Ra1 Rd8 51. Ra3 Nb1 52. Rd3 1-0

[Event "23rd ETCC Open 2021"]
[Site "Catez"]
[Date "2021.11.14"]
[Round "3.47"]
[White "Nyysti, Sampsa"]
[Black "Sebenik, Matej"]
[Result "1/2-1/2"]
[ECO "B70"]
[WhiteElo "2325"]
[BlackElo "2509"]
[Annotator "ChessBase"]
[PlyCount "73"]
[EventDate "2021.11.08"]
[EventType "team-tourn"]
[EventCountry "SLO"]
[SourceTitle "playchess.com"]
[Source "ChessBase"]
[SourceQuality "1"]
[WhiteTeam "Finland"]
[BlackTeam "Slovenia"]
[WhiteTeamCountry "FIN"]
[BlackTeamCountry "SLO"]
[TimeControl "40/5400+30:1800+30"]

1. e4 c5 2. Nf3 d6 3. d4 cxd4 4. Nxd4 Nf6 5. Nc3 g6 6. Bc4 Bg7 7. O-O O-O 8.
Bb3 Nc6 9. Re1 Bd7 10. Bg5 Re8 11. Qd2 Nxd4 12. Qxd4 Bc6 13. Qe3 b5 14. Nd5 a5
15. Bxf6 exf6 16. Qd3 a4 17. Nb4 axb3 18. Nxc6 Qd7 19. Nb4 bxa2 20. c3 f5 21.
Qd5 Qe6 22. Qxe6 Rxe6 23. f3 fxe4 24. Rxe4 Rxe4 25. fxe4 Re8 26. Rxa2 Rxe4 27.
Ra8+ Bf8 28. Kf2 Kg7 29. Rb8 Re5 30. Nc6 Rf5+ 31. Ke2 Rh5 32. h3 Rg5 33. Kf3
Rf5+ 34. Ke2 Rg5 35. Kf3 Rf5+ 36. Ke2 Rg5 37. Kf3 1/2-1/2

[Event "23rd ETCC Open 2021"]
[Site "Catez"]
[Date "2021.11.14"]
[Round "3.49"]
[White "Bogner, Sebastian"]
[Black "Jobava, Baadur"]
[Result "0-1"]
[ECO "B33"]
[WhiteElo "2574"]
[BlackElo "2582"]
[Annotator "ChessBase"]
[PlyCount "96"]
[EventDate "2021.11.08"]
[EventType "team-tourn"]
[EventCountry "SLO"]
[SourceTitle "playchess.com"]
[Source "ChessBase"]
[SourceQuality "1"]
[WhiteTeam "Switzerland"]
[BlackTeam "Georgia"]
[WhiteTeamCountry "SUI"]
[BlackTeamCountry "GEO"]
[TimeControl "40/5400+30:1800+30"]

1. e4 c5 2. Nf3 Nc6 3. Nc3 Nf6 4. d4 cxd4 5. Nxd4 e5 6. Ndb5 d6 7. Bg5 a6 8.
Na3 Be6 9. Nc4 Rb8 10. a4 Be7 11. Bxf6 Bxf6 12. Nxd6+ Kf8 13. Nc4 Bg5 14. Bd3
h5 15. O-O h4 16. Re1 Rh6 17. Bf1 h3 18. g3 Qxd1 19. Raxd1 Bxc4 20. Bxc4 Nd4
21. f4 Rc6 22. Bb3 Nxb3 23. cxb3 exf4 24. gxf4 Bxf4 25. Rd3 Rg6+ 26. Kh1 Rg2
27. Rxh3 Rxb2 28. Nd5 Bh6 29. Rf3 Rc8 30. e5 Rd2 31. Nb6 Rcc2 32. e6 Rxh2+ 33.
Kg1 f6 34. e7+ Ke8 35. Nd5 Rcg2+ 36. Kf1 Rh1+ 37. Kxg2 Rxe1 38. Rh3 Kf7 39. Rd3
Re2+ 40. Kf3 Rd2 41. Rxd2 Bxd2 42. Ke4 a5 43. Kf5 g6+ 44. Ke4 Bg5 45. Kd4 f5
46. Kc5 Bxe7+ 47. Kb6 g5 48. Kxa5 Ke6 0-1

[Event "23rd ETCC Open 2021"]
[Site "Catez"]
[Date "2021.11.14"]
[Round "3.50"]
[White "Paichadze, Luka"]
[Black "Pelletier, Yannick"]
[Result "1/2-1/2"]
[ECO "C02"]
[WhiteElo "2551"]
[BlackElo "2564"]
[Annotator "ChessBase"]
[PlyCount "120"]
[EventDate "2021.11.08"]
[EventType "team-tourn"]
[EventCountry "SLO"]
[SourceTitle "playchess.com"]
[Source "ChessBase"]
[SourceQuality "1"]
[WhiteTeam "Georgia"]
[BlackTeam "Switzerland"]
[WhiteTeamCountry "GEO"]
[BlackTeamCountry "SUI"]
[TimeControl "40/5400+30:1800+30"]

1. e4 e6 2. d4 d5 3. e5 c5 4. c3 Nc6 5. Nf3 Qb6 6. a3 c4 7. Nbd2 f6 8. Be2 fxe5
9. Nxe5 Nxe5 10. dxe5 Bc5 11. O-O Ne7 12. b4 cxb3 13. Nxb3 O-O 14. Nxc5 Qxc5
15. Bd2 Qc7 16. c4 Qxe5 17. Bb4 Rf7 18. Bf3 d4 19. Re1 Qc7 20. Qxd4 Nf5 21. Qe4
Rb8 22. Rad1 Bd7 23. Bh5 g6 24. Bg4 Re8 25. Bc3 Bc6 26. Qe2 h5 27. Bh3 Qf4 28.
Be5 Qg5 29. Rd3 Qh4 30. Qd2 Kh7 31. Bxf5 exf5 32. f4 Qe7 33. Rd6 Qf8 34. Re3
Rfe7 35. Red3 Qf7 36. Qc3 Rd7 37. Rf6 Qe7 38. Rxd7 Qxd7 39. h3 Re6 40. Rf8 Re8
41. Rf6 Re6 42. Rxe6 Qxe6 43. Kh2 Kg8 44. Qd3 Qd7 45. Qg3 Kf7 46. Qg5 Qe7 47.
Qh6 Qe6 48. c5 Bd5 49. Qh8 Ke7 50. Qb8 Bc6 51. Bd6+ Kd7 52. Qc7+ Ke8 53. Qg7 a6
54. Bc7 Qf7 55. Qh8+ Qf8 56. Qd4 Qe7 57. Bd6 Qe6 58. Qg7 Bd5 59. Qf8+ Kd7 60.
Qg7+ Ke8 1/2-1/2

[Event "23rd ETCC Open 2021"]
[Site "Catez"]
[Date "2021.11.14"]
[Round "3.51"]
[White "Georgiadis, Nico"]
[Black "Pantsulaia, Levan"]
[Result "1/2-1/2"]
[ECO "B43"]
[WhiteElo "2553"]
[BlackElo "2571"]
[Annotator "ChessBase"]
[PlyCount "123"]
[EventDate "2021.11.08"]
[EventType "team-tourn"]
[EventCountry "SLO"]
[SourceTitle "playchess.com"]
[Source "ChessBase"]
[SourceQuality "1"]
[WhiteTeam "Switzerland"]
[BlackTeam "Georgia"]
[WhiteTeamCountry "SUI"]
[BlackTeamCountry "GEO"]
[TimeControl "40/5400+30:1800+30"]

1. e4 c5 2. Nf3 e6 3. d4 cxd4 4. Nxd4 a6 5. Nc3 b5 6. Bd3 Bb7 7. O-O Nc6 8.
Nxc6 Bxc6 9. Re1 Ne7 10. Bf1 Ng6 11. Be3 Qc7 12. Nd5 Bxd5 13. exd5 Bc5 14. c4
Bxe3 15. Rxe3 bxc4 16. dxe6 dxe6 17. Qa4+ Qd7 18. Qa3 Ne7 19. Bxc4 O-O 20. Rd3
Qc7 21. b3 a5 22. Qd6 Rfc8 23. Rad1 Qxd6 24. Rxd6 g5 25. a4 Ng6 26. Rb6 Ne5 27.
Bf1 Kg7 28. Rb5 Kf6 29. Rd4 Ng6 30. g3 Rc2 31. Rc4 Rb2 32. Rc3 h6 33. Kg2 g4
34. Re3 Ne7 35. Re2 Rb1 36. Re4 h5 37. Rxh5 Rxb3 38. Rxg4 Nf5 39. Bb5 Rd8 40.
Rf4 Kg6 41. g4 Rd2 42. Rhxf5 exf5 43. Rxf5 Rd6 44. h4 Rf6 45. Rg5+ Kh7 46. Be2
Rb2 47. Bf3 Ra6 48. Rc5 Kg7 49. Bc6 Ra7 50. Bb5 Rb4 51. Kg3 Re7 52. Rg5+ Kf8
53. Rf5 Kg7 54. Rg5+ Kf8 55. Rf5 Kg7 56. g5 Re1 57. h5 Rg1+ 58. Kf3 Rbg4 59.
h6+ Kf8 60. h7 Rh4 61. Bd3 Rxh7 62. Rxa5 1/2-1/2

[Event "23rd ETCC Open 2021"]
[Site "Catez"]
[Date "2021.11.14"]
[Round "3.52"]
[White "Quparadze, Giga"]
[Black "Baenziger, Fabian"]
[Result "1-0"]
[ECO "B90"]
[WhiteElo "2475"]
[BlackElo "2403"]
[Annotator "ChessBase"]
[PlyCount "83"]
[EventDate "2021.11.08"]
[EventType "team-tourn"]
[EventCountry "SLO"]
[SourceTitle "playchess.com"]
[Source "ChessBase"]
[SourceQuality "1"]
[WhiteTeam "Georgia"]
[BlackTeam "Switzerland"]
[WhiteTeamCountry "GEO"]
[BlackTeamCountry "SUI"]
[TimeControl "40/5400+30:1800+30"]

1. e4 c5 2. Nf3 d6 3. d4 cxd4 4. Nxd4 Nf6 5. Nc3 a6 6. Nb3 g6 7. Be2 Bg7 8. Be3
Nc6 9. Nd5 O-O 10. Bb6 Qd7 11. f3 e6 12. Nxf6+ Bxf6 13. c3 Bh4+ 14. g3 Bd8 15.
Be3 b5 16. Qd2 Ne5 17. Bh6 Re8 18. O-O-O Nc4 19. Bxc4 bxc4 20. Qd4 e5 21. Qxc4
Rb8 22. h4 a5 23. Rh2 a4 24. Nc5 Qe7 25. Bg5 Qc7 26. Qxa4 Bxg5+ 27. hxg5 Qe7
28. Rxd6 Bh3 29. Qd1 Red8 30. Rxd8+ Rxd8 31. Qg1 Qxg5+ 32. Kc2 Bc8 33. a4 f5
34. Qc1 Qe7 35. b4 fxe4 36. fxe4 Bb7 37. Qf1 Bc8 38. Qc4+ Kg7 39. a5 Qd6 40.
Qd3 Qf6 41. Qe3 Qf7 42. Kb2 1-0